 Dungeon Crawl Stone Soup version 0.24.0-13-gcf9b3192b9 (console) character file.

Game seed: 12746191545188376237, levelgen mode: deterministic

55 AlterAsc the Insei (level 3, 0/18 HPs)
             Began as a Vine Stalker Transmuter on Nov 10, 2019.
             Succumbed to an adder's poison
             ... on level 2 of the Dungeon.
             The game lasted 00:02:32 (1269 turns).

AlterAsc the Insei (Vine Stalker Transmuter)        Turns: 1269, Time: 00:02:32

Health: 0/18       AC:  2    Str: 13    XL:     3   Next: 93%
Magic:  2/7        EV: 12    Int: 13    God:
Gold:   77         SH:  0    Dex: 14    Spells: 6/7 levels left

rFire    . . .     SeeInvis .     - Unarmed
rCold    . . .     Gourm    .   (no shield)
rNeg     . . .     Faith    .   b - +0 robe
rPois    .         Spirit   +   (no helmet)
rElec    .         Reflect  .   (no cloak)
rCorr    .         Harm     .   (no gloves)
MR       +....                  (no boots)
Stlth    +.........             (no amulet)
HPRegen  0.06/turn              h - ring of protection from magic
MPRegen  0.10/turn              (no ring)

@: lethally poisoned (0 -> -7)
A: fangs 2, magic shield, antimagic bite, no potion heal 3, rot immunity
a: no special abilities


You were on level 2 of the Dungeon.
You were not hungry.

You visited 1 branch of the dungeon, and saw 2 of its levels.

You collected 77 gold pieces.

Inventory:

Missiles
 a - 12 arrows
Armour
 b - a +0 robe (worn)
Jewellery
 h - a ring of protection from magic (left hand)
Scrolls
 e - a scroll of enchant weapon {unknown}
 g - 4 scrolls of identify {unknown}
 i - 2 scrolls of remove curse {unknown}
 j - a scroll of amnesia {unknown}
 l - a scroll of fog {unknown}
 m - a scroll of teleportation {unknown}
Potions
 f - a potion of might {unknown}
 k - a potion of heal wounds {unknown}
 n - a potion of magic {unknown}
Comestibles
 d - 3 rations


   Skills:
 + Level 1.4 Fighting
 - Level 1.6 Dodging
 * Level 3.5 Unarmed Combat
 + Level 2.6 Spellcasting
 * Level 2.8 Transmutations


You had 6 spell levels left.
You knew the following spells:

 Your Spells              Type           Power        Failure   Level  Hunger
a - Beastly Appendage     Tmut           #.....       8%          1    #......

Your spell library contained the following spells:

 Spells                   Type           Power        Failure   Level  Hunger
 Sticks to Snakes         Tmut           #.......     11%         2    ###....
 Spider Form              Tmut/Pois      #.........   36%         3    ###....
 Ice Form                 Ice/Tmut       #.......     78%         4    #####..
 Blade Hands              Tmut           #.........   90%         5    ######.


Dungeon Overview and Level Annotations

Branches:
Dungeon (2/15)

Altars:


Innate Abilities, Weirdness & Mutations

You have extremely sharp teeth.
When hurt, damage is shared between your health and your magic reserves.
Your bite disrupts and absorbs the magic of your enemies.
Potions cannot restore your health.
You are immune to rotting.


Message History

The adder misses you.
You hit the adder.
The adder is almost dead.
The adder barely misses you.
You closely miss the adder. You bite the adder, but do no damage.
The adder is almost dead.
The adder closely misses you. The adder bites you.
* * * LOW HITPOINT WARNING * * *
You are more poisoned.
The adder poisons you!
You closely miss the adder.
The adder is almost dead.
* * * LOW HITPOINT WARNING * * *
You feel sick. The adder barely misses you.
You barely miss the adder.
The adder is almost dead.
The adder barely misses you.
You hit the adder.
You kill the adder!
You die...

#..# #.# #.### ##.## #.#
#...# #..# #.# ##[##.
##.###.####.... ♣♣
#..........### ♣..
#..........### #...
###.............
##....###^......##.#####
......†@........<.....#
.......#........##.##.#
.......#........##... #
................######
.......#..........
.......#..<....>##
.......#........#
.......#........#


There were no monsters in sight!

Vanquished Creatures
  An adder (D:2)
  A worm (D:2)
  3 dart slugs (D:1)
  A leopard gecko (D:1)
  3 giant cockroaches (D:1)
  6 hobgoblins
  2 jackals (D:1)
  4 kobolds (D:1)
  A frilled lizard (D:1)
  6 goblins (D:1)
  5 rats (D:1)
33 creatures vanquished.

Notes
Turn   | Place    | Note
-------+----------+-------------------------------------------
     0 | D:1      | AlterAsc the Vine Stalker Transmuter began the quest for
                  | the Orb.
     0 | D:1      | Reached XP level 1. HP: 9/9 MP: 4/4
    31 | D:1      | Reached skill level 1 in Fighting
    97 | D:1      | Reached XP level 2. HP: 11/14 MP: 4/6
   715 | D:1      | Reached XP level 3. HP: 18/18 MP: 7/7
  1269 | D:2      | Succumbed to an adder's poison

Levels and vault maps discovered:
D:1:      onia_arrival_handbag, layout_basic
D:2:      layout_basic, okawaru_ov_weapons_minmay, tgw_kikubaaqudgha,
          uniq_crazy_yiuf_cottage

Skill      XL: |  1 |
---------------+----+-----
Fighting       | 1 |  1.4
Dodging        | |  1.6
Unarmed Combat | |  3.5
Spellcasting   | |  2.6
Transmutations | |  2.8

Action                   || total
-------------------------++-------
Melee: Unarmed           ||   126
       Bite              ||    29
       Punch             ||     1
 Cast: Beastly Appendage ||     1
 Stab: Sleeping          ||     1
  Eat: Chunk             ||     1
Armor: Robe              ||    18
Dodge: Dodged            ||    68
